 Dungeon Crawl Stone Soup version 0.13-a0-2676-gd993d8a (webtiles) character file.

196 JacquesDerrida the Cudgeler (level 3, -8/28 HPs)
             Began as a Demigod Skald on Aug 12, 2013.
             Killed from afar by Ijyb (20 damage)
             ... with a wand of fire
             ... on Level 3 of the Dungeon.
             The game lasted 00:04:29 (1922 turns).

JacquesDerrida the Cudgeler (Demigod Skald)         Turns: 1922, Time: 00:04:29

HP  -8/28        AC  4     Str 15      XL: 3   Next: 51%
MP   9/9         EV 10     Int 23      God:
Gold 138         SH  0     Dex 15      Spells:  2 memorised,  1 level left

Res.Fire  : . . .   See Invis. : .   a - +0,+1 mace
Res.Cold  : . . .   Warding    : .   b - +0 leather armour
Life Prot.: . . .   Conserve   : .   (no shield)
Res.Poison: .       Res.Corr.  : .   (no helmet)
Res.Elec. : .       Clarity    : .   (no cloak)
Sust.Abil.: + .     Spirit.Shd : .   (no gloves)
Res.Mut.  : .       Stasis     : .   h - +0 pair of boots
Res.Rott. : .       Flight     : .   (no amulet)
Saprovore : . . .                    o - ring of sustain abilities
                                     j - ring of sustenance

@: brilliant, hasted, very quick, slightly resistant to hostile enchantments,
unstealthy
A: no striking features
a: no special abilities


You were on level 3 of the Dungeon.
You were not hungry.

You visited 1 branch of the dungeon, and saw 3 of its levels.

You collected 118 gold pieces.

Inventory:

Hand weapons
 a - a +0,+1 mace (weapon)
Missiles
 m - 4 curare-tipped needles
 q - 15 poisoned needles
 r - a dart of dispersal (quivered)
Armour
 b - a +0 leather armour (worn)
 h - a +0 pair of boots (worn)
Comestibles
 d - 5 bread rations
 n - a choko
 w - 2 chunks of hobgoblin flesh
Scrolls
 f - 2 scrolls of blinking
 k - a scroll of noise {unknown}
 t - a scroll of recharging {unknown}
 u - 3 scrolls of identify
 v - a scroll of magic mapping
Jewellery
 g - an uncursed ring of teleportation
 j - a ring of sustenance (left hand)
 o - a ring of sustain abilities (right hand)
Potions
 e - 4 potions of curing
 i - a potion of might {unknown}
Books
 c - a book of Battle

   Spells                             Type                      Level
   *Infusion                          Charms                       1
   Shroud of Golubria                 Charms/Translocation         2
   Song of Slaying                    Charms                       2
   *Spectral Weapon                   Hexes/Charms                 3
   Regeneration                       Charms/Necromancy            3
   Song of Shielding                  Charms                       4


   Skills:
 - Level 1.7 Fighting
 + Level 3.7 Maces & Flails
 - Level 0.8 Armour
 - Level 0.8 Dodging
 - Level 1.7 Spellcasting
 - Level 2.6 Charms


You had one spell level left.
You knew the following spells:

 Your Spells              Type           Power        Failure   Level  Hunger
a - Infusion              Chrm           ####..       1%          1    #......
b - Spectral Weapon       Hex/Chrm       ###.....     3%          3    ###....


Dungeon Overview and Level Annotations

Branches:
Dungeon (3/27)

Annotations
D:3 Ijyb


Message History

Things that are here:
a club; a leather armour Eat one of 3 chunks of hobgoblin flesh? (ye/n/q/i?) This raw flesh tastes terrible.
You continue eating.
u - 3 scrolls of identify (gained 1)
Found a robe.
You see here a robe.
Ijyb comes into view.
Ijyb zaps a wand.
The bolt of fire hits you!
Your scroll of remove curse catches fire!
Ouch! That really hurt!
Drink which item? (? for menu, Esc to quit)
You feel more clever all of a sudden.
It was a potion of brilliance.
Drink which item? (? for menu, Esc to quit)
You feel yourself speed up.
It was a potion of speed.
Ijyb zaps a wand.
The bolt of fire hits you!
Ouch! That really hurt!
You die...

.# ###########.#
.............#
#.g...#..# #.###g#..#
. ####.#.@....####
..>..........[......#
. ....
####.........#.#
.###... ##.####.#.#
.[.... ... ##.#.#
#.##.# ##.####....#
##.##.# #.#....#..#
#...#.#####
#.#.##...##
..........###.#.###.##


You could see Ijyb.

Vanquished Creatures
  3 adders
  A giant gecko (D:1)
  3 orcs (D:3)
  6 bats
  3 hobgoblins
  2 kobolds
  A ball python (D:1)
  2 giant newts
  5 goblins
  4 rats
30 creatures vanquished.

Notes
Turn   | Place    | Note
--------------------------------------------------------------
     0 | D:1      | JacquesDerrida, the Demigod Skald, began the quest for the Orb.
     0 | D:1      | Reached XP level 1. HP: 16/16 MP: 5/5
   279 | D:1      | Reached XP level 2. HP: 23/23 MP: 6/6
   763 | D:2      | Reached skill level 3 in Maces & Flails
  1232 | D:3      | Reached XP level 3. HP: 15/28 MP: 4/9
  1468 | D:3      | Learned a level 3 spell: Spectral Weapon
  1918 | D:3      | Noticed Ijyb
  1922 | D:3      | Killed from afar by Ijyb

Action                   || total
-------------------------++-------
Melee: Mace              ||   105
 Cast: Infusion          ||     6
       Spectral Weapon   ||     2
  Use: Scroll            ||     8
       Potion            ||     3
